 Dungeon Crawl Stone Soup version 0.25.0-1-g7eea58d2a3 (webtiles) character file.

Game seed: 4577843435006905391

53 Aviak the Magician (level 3, -2/18 HPs)
             Began as a Vine Stalker Wizard on June 13, 2020.
             Slain by a leopard gecko (4 damage)
             ... on level 2 of the Dungeon.
             The game lasted 00:03:08 (1434 turns).

Aviak the Magician (Vine Stalker Wizard)            Turns: 1434, Time: 00:03:09

Health: -2/18      AC:  2    Str:  9    XL:     3   Next: 89%
Magic:  0/9        EV: 12    Int: 19    God:
Gold:   39         SH:  0    Dex: 12    Spells: 6/9 levels left

rFire    + . .     SeeInvis .   k - +0 dagger
rCold    + . .     Gourm    .   (no shield)
rNeg     . . .     Faith    .   a - +0 robe
rPois    +         Spirit   +   b - +0 hat
rElec    +         Reflect  .   (no cloak)
rCorr    +         Harm     .   (no gloves)
MR       .....                  (no boots)
Stlth    ++........             (no amulet)
HPRegen  0.06/turn              (no ring)
MPRegen  0.11/turn              (no ring)

@: mighty, lethally poisoned (-2 -> -8), resistant, very slightly contaminated
A: fangs 2, magic shield, antimagic bite, no potion heal 3, rot immunity
a: no special abilities


You were on level 2 of the Dungeon.
You were hungry.

You visited 1 branch of the dungeon, and saw 2 of its levels.

You collected 39 gold pieces.

Inventory:

Hand Weapons
 k - a +0 dagger (weapon)
Armour
 a - a +0 robe (worn)
 b - a +0 hat (worn)
Jewellery
 m - a cursed amulet of inaccuracy {unknown}
Scrolls
 c - a scroll of magic mapping
 j - 2 scrolls of identify {unknown}
 l - a scroll of blinking {unknown}
Potions
 f - a potion of invisibility {unknown}
 h - a potion of mutation {unknown}
 i - a potion of magic {unknown}
 n - a potion of heal wounds {unknown}
Comestibles
 d - 5 rations


   Skills:
 + Level 2.3 Fighting
 - Level 1.5 Dodging
 - Level 2.4 Stealth
 - Level 3.5 Spellcasting
 - Level 2.0 Conjurations
 - Level 1.0 Summonings
   Level 1.0 Translocations


You had 6 spell levels left.
You knew the following spells:

 Your Spells              Type           Power        Failure   Level  Hunger
a - Magic Dart            Conj           ##..         6%          1    None
b - Call Imp              Summ           #.......     14%         2    ##.....

Your spell library contained the following spells:

 Spells                   Type           Power        Failure   Level  Hunger
 Blink                    Tloc           N/A          14%         2    ##.....
 Slow                     Hex            #.......     22%         2    ##.....
 Conjure Flame            Conj/Fire      #.......     28%         3    ###....
 Mephitic Cloud           Conj/Pois/Air  #.......     32%         3    ###....


Dungeon Overview and Level Annotations

Branches:
Dungeon (2/15)

Altars:
Fedhas


Innate Abilities, Weirdness & Mutations

You have extremely sharp teeth.
When hurt, damage is shared between your health and your magic reserves.
Your bite disrupts and absorbs the magic of your enemies.
Potions cannot restore your health.
You are immune to rotting.


Message History

* * * LOW HITPOINT WARNING * * *
You are lethally poisoned!
The adder poisons you!
Your shadow imp barely misses the leopard gecko.
* * * LOW HITPOINT WARNING * * *
You feel sick.
Your crimson imp blinks!
Unknown command.
It was a potion of might.
You feel very mighty all of a sudden. The leopard gecko closely misses you.
The adder bites you.
* * * LOW HITPOINT WARNING * * *
Your crimson imp blinks!
The leopard gecko bites you but does no damage.
Your shadow imp barely misses the leopard gecko.
It was a potion of resistance.
You feel protected.
* * * LOW HITPOINT WARNING * * *
You feel sick. The adder closely misses you. The leopard gecko bites you.
You die...

*,,,,,.....#*,***####.# *
*,,,,,,.#..#*,* #.# * ***
*,,****,...,,,* ##.# * ,,* *,**
*##.##*** #..# * ,,*******,*
#.§.# #.#### ,,,,,,..#.* #...#
#..... ,,****#.#.* #.5.#
####..### ,,##*##...### #Sl.#
#........ *,..##......# #@5.#
#.#.†..#.
,,#(........####...######.#...(#,
,**#.......[.................###,
,,*......................#...##*,
*,,,*#...................†)...#**
*****#......####...#####.##...# *
#.##.### #...# #.*#...###
*****,*#.# #...# #.*#.....#
*,,,,,*#.# #...# #.*##..#.#


You could see an adder, a leopard gecko, a friendly crimson imp (summoned) and a
friendly shadow imp (summoned).

Vanquished Creatures
  An adder (D:2)
  A gnoll (D:1)
  9 goblins
  3 hobgoblins (D:1)
  2 kobolds (D:1)
  A frilled lizard (D:2)
  2 rats (D:2)
19 creatures vanquished.

Vanquished Creatures (collateral kills)
  Robin (D:2)
  A leopard gecko (D:2)
  3 goblins (D:2)
  3 hobgoblins (D:2)
8 creatures vanquished.

Grand Total: 27 creatures vanquished

Notes
Turn   | Place    | Note
-------+----------+-------------------------------------------
     0 | D:1      | Aviak the Vine Stalker Wizard began the quest for the Orb.
     0 | D:1      | Reached XP level 1. HP: 9/9 MP: 5/5
   202 | D:1      | Reached XP level 2. HP: 7/14 MP: 5/7
   213 | D:1      | Learned a level 2 spell: Call Imp
   523 | D:1      | Reached skill level 1 in Fighting
   788 | D:2      | Reached XP level 3. HP: 13/18 MP: 1/9
   971 | D:2      | Found a blossoming altar of Fedhas.
   972 | D:2      | Noticed Robin
  1007 | D:2      | Killed Robin
  1434 | D:2      | Slain by a leopard gecko

Illustrated notes

Levels and vault maps discovered:
D:1:      wander_arrival_estate, layout_rooms
D:2:      layout_loops_cross, grunt_ministairs_4, fedhas_altar_2, uniq_robin,
          uniq_terence

Skill      XL: |  1  2  3 |
---------------+----------+-----
Conjurations   | 2 |  2.0
Fighting       | 1 2 |  2.3
Dodging        | |  1.5
Stealth        | |  2.4
Spellcasting   | |  3.5
Summonings     | |  1.0
Translocations | |  1.0

Action                   || total
-------------------------++-------
Melee: Unarmed           ||     8
       Club              ||     4
       Bite              ||     6
       Dagger            ||    29
 Cast: Magic Dart        ||    33
       Call Imp          ||     8
  Use: Potion            ||     2
       Scroll            ||     1
  Eat: Chunk             ||     1
Armor: Robe              ||     4
Dodge: Dodged            ||    34
